 Dungeon Crawl Stone Soup version 0.22.1-2-g9c5b331 (webtiles) character file.

211 Fang the Chopper (level 5, -1/33 HPs)
             Began as a Gargoyle Berserker on Dec 3, 2018.
             Was a Believer of Trog.
             Slain by Grinder (6 damage)
             ... on level 3 of the Dungeon.
             The game lasted 00:03:33 (2904 turns).

Fang the Chopper (Gargoyle Berserker)               Turns: 2904, Time: 00:03:34

Health: -1/33      AC:  9    Str: 21    XL:     5   Next: 88%
Magic:  5/5        EV: 11    Int:  8    God:    Trog [**....]
Gold:   114        SH:  0    Dex:  9    Spells: 4/4 levels left

rFire    . . .     SeeInvis .   a - +0 hand axe
rCold    . . .     Gourm    .   (no shield)
rNeg     + . .     Faith    .   l - +0 ring mail
rPois    ∞         Spirit   .   (no helmet)
rElec    +         Reflect  .   (no cloak)
rCorr    .         Harm     .   (no gloves)
MR       .....                  (no boots)
Stlth    +.........             (no amulet)
HPRegen  0.11/turn              (no ring)
MPRegen  0.09/turn              (no ring)

@: no status effects
A: negative energy resistance 1, electricity resistance, unbreathing,
petrification resistance, rot immunity, AC +4
a: Berserk, Trog's Hand, Renounce Religion


You were on level 3 of the Dungeon.
You worshipped Trog.
Trog was pleased with you.
You were not hungry.

You visited 1 branch of the dungeon, and saw 3 of its levels.

You collected 114 gold pieces.

Inventory:

Hand Weapons
 a - a +0 hand axe (weapon)
Armour
 l - a +0 ring mail (worn)
Scrolls
 b - 2 scrolls of teleportation {unknown}
 d - 3 scrolls of remove curse {unknown}
 e - 2 scrolls of blinking {unknown}
 g - 3 scrolls of random uselessness {unknown}
 h - 3 scrolls of identify {unknown}
 i - 2 scrolls of enchant weapon {unknown}
 k - 2 scrolls of magic mapping {unknown}
 m - a scroll of fog {unknown}
 r - a scroll of enchant armour {unknown}
Potions
 f - 2 potions of curing {unknown}
 j - 2 potions of lignification {unknown}
 n - 2 potions of brilliance {unknown}
 o - a potion of invisibility {unknown}
 p - a potion of mutation {unknown}
 q - a potion of resistance {unknown}
 s - a potion of haste {unknown}
Comestibles
 c - 5 rations
 t - 2 chunks of flesh


   Skills:
 + Level 4.2 Fighting
 + Level 4.4 Axes
 + Level 2.9 Armour
 + Level 2.5 Dodging
 + Level 0.4 Stealth


You had 4 spell levels left.
You didn't know any spells.
Your spell library was empty.

Dungeon Overview and Level Annotations

Branches:
Dungeon (3/15)

Altars:
Makhleb

Annotations:
D:3 Grinder


Innate Abilities, Weirdness & Mutations

You are resistant to torment.
Your stone body is resilient. (AC +4)
You are immune to poison.
You resist negative energy. (rN+)
You are resistant to electric shocks. (rElec)
You can survive without breathing.
You are immune to petrification.
You are immune to rotting.


Message History

You swing at nothing.
Grinder closely misses you.
You swing at nothing.
Grinder barely misses you.
You swing at nothing.
Your transformation has ended.
Your +0 hand axe unmelds from your body.
Your +0 ring mail unmelds from your body.
Grinder gestures at you.
You barely resist. You closely miss Grinder. Grinder barely misses you.
You closely miss Grinder. Grinder gestures at you.
You barely resist. You hit Grinder.
Grinder is lightly wounded.
Grinder says, "Mostly I couldn't keep them alive."
Grinder misses you.
You hit Grinder.
Grinder is lightly wounded.
Grinder hits you.
You die...

.......## ###.##.###
#.....## #.......<#
##...## #.####.#.###
###+## #.# #..†...# #
#.# #.# #..#.#.# ###.#
#.# #..#.# .##.## #.#
#.## # #....##
#.###.##.# #.....##
#....5@..#.# #....#.##
#####......#
......#.#######.######
###..###........#
#.#.#.#########
#.##.## #.#### #.# #.#


You could see Grinder.

Vanquished Creatures
  Crazy Yiuf (D:2)
  A hound (D:2)
  Terence (D:2)
  Natasha (thrice) (D:2)
  A worm (D:3)
  A dart slug (D:3)
  A leopard gecko (D:1)
  2 ball pythons
  2 giant cockroaches (D:1)
  9 goblins
  6 hobgoblins
  3 quokkas
  7 bats
  4 kobolds
  7 rats
49 creatures vanquished.

Notes
Turn   | Place    | Note
-------+----------+-------------------------------------------
     0 | D:1      | Fang the Gargoyle Berserker began the quest for the Orb.
     0 | D:1      | Reached XP level 1. HP: 14/14 MP: 1/1
   330 | D:1      | Reached XP level 2. HP: 19/19 MP: 2/2
   620 | D:1      | Reached ** piety under Trog
  1091 | D:2      | Reached XP level 3. HP: 23/24 MP: 3/3
  1200 | D:2      | Noticed Natasha
  1215 | D:2      | Killed Natasha
  1634 | D:2      | Noticed Natasha
  1645 | D:2      | Killed Natasha
  1645 | D:2      | Reached XP level 4. HP: 11/29 MP: 4/4
  1914 | D:2      | Found a runed door.
  2194 | D:2      | Found a burning altar of Makhleb.
  2204 | D:2      | Reached XP level 5. HP: 32/33 MP: 5/5
  2237 | D:2      | Noticed Terence
  2251 | D:2      | Killed Terence
  2314 | D:2      | Noticed Crazy Yiuf
  2321 | D:2      | Killed Crazy Yiuf
  2390 | D:2      | Noticed Natasha
  2400 | D:2      | Killed Natasha
  2855 | D:3      | Noticed Grinder
  2904 | D:3      | Slain by Grinder

Skill      XL: |  1  2  3  4  5 |
---------------+----------------+-----
Axes           | 3 4 |  4.4
Fighting       | 4 |  4.2
Dodging        | 2 |  2.5
Armour         | |  2.9
Stealth        | |  0.4

Action                   |  1- 3 |  4- 6 || total
-------------------------+-------+-------++-------
Melee: Hand axe          |   104 |   110 ||   214
       Unarmed           |       |    20 ||    20
Invok: Berserk           |     1 |     1 ||     2
  Eat: Chunk             |     3 |     5 ||     8
Armor: Animal skin       |    34 |       ||    34
       Ring mail         |    12 |    46 ||    58
Dodge: Dodged            |    86 |   105 ||   191
